 Dungeon Crawl Stone Soup version 0.23.0-3-gf3c87f2 (webtiles) character file.

Game seed: 4656212174615577856

11995 xccam the Quickloader (level 11, -6/84 HPs)
             Began as a Gnoll Wanderer on Feb 20, 2019.
             Was an Initiate of Gozag.
             Mangled by a red ugly thing (12 damage)
             ... on level 12 of the Dungeon.
             The game lasted 00:31:06 (11230 turns).

xccam the Quickloader (Gnoll Wanderer)             Turns: 11230, Time: 00:31:08

Health: -6/84      AC: 17    Str: 19    XL:     11   Next: 86%
Magic:  23/23      EV: 18    Int: 15    God:    Gozag
Gold:   1597       SH:  0    Dex: 16    Spells: 25/26 levels left

rFire    . . .     SeeInvis .   a - +4 scimitar (flame)
rCold    + . .     Gourm    .   (no shield)
rNeg     . . .     Faith    .   G - +3 scale mail {rC+}
rPois    .         Spirit   .   p - +1 helmet
rElec    .         Reflect  .   (no cloak)
rCorr    .         Harm     .   B - +0 pair of gloves
MR       .....                  h - +2 pair of boots
Stlth    ++........             Q - amulet of the acrobat
HPRegen  0.24/turn              D - +4 ring of evasion
MPRegen  0.18/turn              F - +3 ring of strength

@: no status effects
A: distributed training, fangs 1, strong nose
a: Potion Petition, Call Merchant, Bribe Branch, Renounce Religion


You were on level 12 of the Dungeon.
You worshipped Gozag.
Gozag was most pleased with you.
You were hungry.

You visited 2 branches of the dungeon, and saw 13 of its levels.
You also visited: Sewer.

You collected 1706 gold pieces.
You paid 109 gold pieces to Gozag.

Inventory:

Hand Weapons
 a - a +4 scimitar of flaming (weapon)
 b - a +1 hand crossbow
 d - a +0 shortbow
 w - a +0 dagger of speed
 I - a +3 hunting sling of freezing
 O - the +7 scimitar of Zofetoob {antimagic, +Inv MR- Dex+3}
   (You found it on level 11 of the Dungeon)

   It reduces the magical energy of the wielder, and disrupts the spells and
   magical abilities of those hit.
   Natural abilities and divine invocations are not affected.
   It affects your dexterity (+3).
   It affects your resistance to hostile enchantments.
   It lets you turn invisible.
Missiles
 c - 297 arrows
 e - 88 bolts
 r - 205 stones (quivered)
Armour
 h - a +2 pair of boots (worn)
 p - a +1 helmet (worn)
 B - a +0 pair of gloves (worn)
 C - a +0 pair of boots of flying
 G - a +3 scale mail of cold resistance (worn)
Jewellery
 D - a +4 ring of evasion (left hand)
 F - a +3 ring of strength (right hand)
 K - a cursed ring of protection from cold
 Q - an amulet of the acrobat (around neck)
Wands
 s - a wand of polymorph (6)
Scrolls
 f - 10 scrolls of teleportation
 i - 4 scrolls of remove curse
 k - a scroll of enchant armour
 l - 3 scrolls of fog {unknown}
 n - a scroll of amnesia {unknown}
 o - 2 scrolls of blinking {unknown}
 y - 3 scrolls of magic mapping
 E - a scroll of immolation
 H - 2 scrolls of enchant weapon
 J - a scroll of brand weapon {unknown}
 M - a scroll of noise {unknown}
 N - a scroll of vulnerability {unknown}
 P - 2 scrolls of identify
Potions
 j - 2 potions of brilliance
 m - 2 potions of flight
 q - 5 potions of heal wounds
 t - 4 potions of curing
 u - 2 potions of ambrosia
 v - 2 potions of might
 x - a potion of resistance {unknown}
 z - a potion of cancellation
 A - 3 potions of mutation
 L - a potion of invisibility {unknown}
Comestibles
 g - 20 rations


   Skills:
 + Level 7.1 Fighting
 + Level 6.5 Short Blades
 + Level 6.5 Long Blades
 + Level 6.5 Axes
 + Level 6.5 Maces & Flails
 + Level 6.5 Polearms
 + Level 6.5 Staves
 + Level 6.5 Slings
 + Level 6.5 Bows
 + Level 10.7 Crossbows
 + Level 6.5 Throwing
 + Level 6.5 Armour
 + Level 6.5 Dodging
 + Level 6.5 Stealth
 + Level 8.1 Shields
 + Level 6.5 Unarmed Combat
 + Level 8.3 Spellcasting
 + Level 5.4 Conjurations
 + Level 5.4 Hexes
 + Level 5.4 Charms
 + Level 5.4 Summonings
 + Level 5.4 Necromancy
 + Level 5.4 Translocations
 + Level 5.9 Transmutations
 + Level 5.4 Fire Magic
 + Level 5.4 Ice Magic
 + Level 5.4 Air Magic
 + Level 5.4 Earth Magic
 + Level 5.4 Poison Magic
 + Level 7.2 Invocations
 + Level 6.5 Evocations


You had 25 spell levels left.
You knew the following spells:

 Your Spells              Type           Power        Failure   Level  Hunger
a - Sandblast             Erth           ###...       3%          1    None

Your spell library contained the following spells:

 Spells                   Type           Power        Failure   Level  Hunger
 Animate Skeleton         Necr           N/A          3%          1    None
 Apportation              Tloc           ###...       3%          1    None
 Confusing Touch          Hex            ###...       3%          1    None
 Summon Small Mammal      Summ           ###.         3%          1    None
 Passwall                 Tmut/Erth      ###.....     4%          2    None
 Stone Arrow              Conj/Erth      ###...       10%         3    ##.....
 Petrify                  Tmut/Erth      ###.....     30%         4    ####...
 Irradiate                Conj/Tmut      ###.......   63%         5    #####..
 Lee's Rapid Deconstruct  Erth           ###.......   67%         5    #####..
 Hydra Form               Tmut           ###.......   99%         6    #######
 Statue Form              Tmut/Erth      ###......    99%         6    #######
 Dragon Form              Tmut           ###.......   100%        7    #######


Dungeon Overview and Level Annotations

Branches:
Dungeon (12/15)            Temple (1/1) D:7            Lair (0/6) D:11
    Orc (0/2) D:10

Altars:
Ashenzari
Cheibriados
Dithmenos
Elyvilon
Fedhas
Gozag
Hepliaklqana
Kikubaaqudgha
Makhleb
Nemelex Xobeh
Okawaru
Qazlal
Ru
Sif Muna
Trog
Uskayaw
Vehumet
Wu Jian
Xom
Yredelemnul
Zin
The Shining One

Shops:
D:6 [


Innate Abilities, Weirdness & Mutations

Your experience applies equally to all skills.
You have very sharp teeth.
Your uncanny sense of smell can sniff out nearby items.


Message History

The red ugly thing completely misses you. x2
You barely miss the red ugly thing.
The red ugly thing is heavily wounded.
The red ugly thing misses you.
You riposte.
You slash the red ugly thing! Your bite misses the red ugly thing.
The red ugly thing is severely wounded.
You slash the red ugly thing! You burn the red ugly thing.
The red ugly thing is almost dead.
The red ugly thing stings you.
You are engulfed in flames!!
* * * LOW HITPOINT WARNING * * *
You barely miss the red ugly thing. You bite the red ugly thing.
The red ugly thing is almost dead.
The red ugly thing stings you but does no damage.
You closely miss the red ugly thing.
The red ugly thing is almost dead.
The red ugly thing stings you!
* * * LOW HITPOINT WARNING * * *
You are engulfed in flames!
You die...
Your body crumbles into a pile of gold.

......................#
......................#
.............#........#####
..........>....####.......#
...#####.......#.....###.##
... ##.......#.###.# .. ...
...........# #.#∆ # ..
.........#####.# ...
.........u@....# ...
##......######## ...
#......## ... #.......# ...
#.....u.# ... .........#
... .........# ...
........... ...
..........##


You could see a red ugly thing.

Vanquished Creatures
  Fannar (D:12)
  Erica (D:9)
  An ogre mage (D:10)
  Nergalle (D:10)
  An unseen horror (D:10)
  A cyclops (D:10)
  Joseph (D:7)
  A gargoyle (D:10)
  Grinder (D:5)
  2 hippogriffs
  A wyvern (D:12)
  2 hungry ghosts (D:9)
  Grum (D:9)
  Duvessa (D:7)
  A water moccasin (D:11)
  6 orc warriors
  2 black bears
  A sky beast (D:6)
  2 ice beasts
  A phantom (D:10)
  4 wolves (D:9)
  11 centaurs
  7 ogres
  2 crocodiles
  7 big kobolds
  7 bullfrogs
  7 scorpions
  Dowan (D:7)
  2 water moccasin skeletons (D:10)
  3 killer bees (D:11)
  A howler monkey (D:10)
  2 centaur zombies
  5 crimson imps
  5 hounds
  3 jellies
  A bullfrog skeleton (D:4)
  2 centaur skeletons
  An orc priest (D:12)
  Terence (D:2)
  Natasha (twice) (D:2)
  17 orc wizards
  5 iguanas
  9 worker ants
  A hound zombie (D:8)
  2 hound skeletons
  2 howler monkey zombies
  A howler monkey skeleton (D:7)
  6 gnolls
  5 adders
  2 shadow imps
  3 oozes
  3 worms
  An adder zombie (D:9)
  3 dart slugs
  8 leopard geckos
  27 orcs
  7 giant cockroaches
  6 goblins
  5 hobgoblins
  9 jackals
  24 kobolds
  3 quokkas
  5 ball pythons
  11 bats
  5 frilled lizards
  2 quokka skeletons
  A quokka zombie (D:6)
  5 rats
281 creatures vanquished.

Notes
Turn   | Place    | Note
-------+----------+-------------------------------------------
     0 | D:1      | xccam the Gnoll Wanderer began the quest for the Orb.
     0 | D:1      | xccam set off with the following items: a +0 shortbow, 25
                  | arrows, a +0 hand crossbow, 22 bolts, a +0 robe, a ration;
                  | and the following spell memorised: Sandblast; and the
                  | following spells available to memorise: Passwall, Stone
                  | Arrow, Petrify, Lee's Rapid Deconstruction
     0 | D:1      | Reached XP level 1. HP: 17/17 MP: 6/6
   168 | D:1      | Reached XP level 2. HP: 23/23 MP: 7/7
   447 | D:1      | Reached XP level 3. HP: 26/28 MP: 9/9
   787 | D:2      | Reached skill level 5 in Spellcasting
   804 | D:2      | Found a deep blue altar of Sif Muna.
   916 | D:2      | Noticed Natasha
   919 | D:2      | Killed Natasha
   919 | D:2      | Reached skill level 1 in Short Blades
   919 | D:2      | Reached skill level 1 in Long Blades
   919 | D:2      | Reached skill level 1 in Axes
   919 | D:2      | Reached skill level 1 in Maces & Flails
   919 | D:2      | Reached skill level 1 in Polearms
   919 | D:2      | Reached skill level 1 in Staves
   919 | D:2      | Reached skill level 1 in Slings
   919 | D:2      | Reached skill level 1 in Bows
   919 | D:2      | Reached skill level 1 in Throwing
   919 | D:2      | Reached skill level 1 in Armour
   919 | D:2      | Reached skill level 1 in Dodging
   919 | D:2      | Reached skill level 1 in Stealth
   919 | D:2      | Reached skill level 1 in Unarmed Combat
   919 | D:2      | Reached skill level 1 in Invocations
   919 | D:2      | Reached skill level 1 in Evocations
   919 | D:2      | Reached XP level 4. HP: 28/34 MP: 11/11
  1161 | D:2      | Noticed Natasha
  1164 | D:2      | Killed Natasha
  1204 | D:2      | Noticed Terence
  1215 | D:2      | Killed Terence
  1215 | D:2      | Reached skill level 1 in Conjurations
  1215 | D:2      | Reached skill level 1 in Hexes
  1215 | D:2      | Reached skill level 1 in Charms
  1215 | D:2      | Reached skill level 1 in Summonings
  1215 | D:2      | Reached skill level 1 in Necromancy
  1215 | D:2      | Reached skill level 1 in Translocations
  1215 | D:2      | Reached skill level 1 in Fire Magic
  1215 | D:2      | Reached skill level 1 in Ice Magic
  1215 | D:2      | Reached skill level 1 in Air Magic
  1215 | D:2      | Reached skill level 1 in Earth Magic
  1215 | D:2      | Reached skill level 1 in Poison Magic
  1215 | D:2      | Reached XP level 5. HP: 31/40 MP: 12/12
  2192 | D:3      | Found a radiant altar of Vehumet.
  2389 | D:3      | Found a shadowy altar of Dithmenos.
  2583 | D:4      | Noticed an ogre
  2589 | D:4      | Killed an ogre
  2589 | D:4      | Reached XP level 6. HP: 44/47 MP: 13/13
  2639 | D:4      | Reached skill level 5 in Shields
  2761 | D:4      | Reached XP level 7. HP: 33/52 MP: 15/15
  2763 | D:4      | Found a glowing drain.
  2832 | Sewer    | Entered a sewer
  3043 | Sewer    | Reached skill level 9 in Crossbows
  3367 | D:4      | Reached XP level 8. HP: 60/60 MP: 16/16
  3699 | D:5      | Entered Level 5 of the Dungeon
  3793 | D:5      | Noticed Grinder
  3803 | D:5      | Killed Grinder
  4175 | D:5      | Found a bloodstained altar of Trog.
  4573 | D:6      | Found Imotaste's Antique Armour Shoppe.
  4603 | D:6      | Reached XP level 9. HP: 57/66 MP: 18/18
  4817 | D:6      | Found a white marble altar of Elyvilon.
  5088 | D:7      | Found a glowing silver altar of Zin.
  5102 | D:7      | Reached skill level 5 in Fighting
  5249 | D:7      | Noticed Dowan
  5251 | D:7      | Killed Dowan
  5251 | D:7      | Noticed Duvessa
  5273 | D:7      | Killed Duvessa
  5341 | D:7      | Noticed Joseph
  5564 | D:7      | Killed Joseph
  5564 | D:7      | Reached skill level 5 in Invocations
  5899 | D:7      | Found a staircase to the Ecumenical Temple.
  5904 | D:7      | Reached XP level 10. HP: 74/74 MP: 20/20
  5922 | Temple   | Entered the Ecumenical Temple
  5980 | Temple   | Became a worshipper of Gozag Ym Sagoz the Greedy
  6651 | D:8      | Reached skill level 5 in Short Blades
  6651 | D:8      | Reached skill level 5 in Long Blades
  6651 | D:8      | Reached skill level 5 in Axes
  6651 | D:8      | Reached skill level 5 in Maces & Flails
  6651 | D:8      | Reached skill level 5 in Polearms
  6651 | D:8      | Reached skill level 5 in Staves
  6651 | D:8      | Reached skill level 5 in Slings
  6651 | D:8      | Reached skill level 5 in Bows
  6651 | D:8      | Reached skill level 5 in Throwing
  6651 | D:8      | Reached skill level 5 in Armour
  6651 | D:8      | Reached skill level 5 in Dodging
  6651 | D:8      | Reached skill level 5 in Stealth
  6651 | D:8      | Reached skill level 5 in Unarmed Combat
  6651 | D:8      | Reached skill level 5 in Evocations
  7144 | D:9      | Reached skill level 10 in Crossbows
  7398 | D:9      | Noticed Grum
  7406 | D:9      | Killed Grum
  7406 | D:9      | Reached skill level 5 in Transmutations
  7754 | D:9      | Noticed Erica
  7792 | D:9      | Killed Erica
  8035 | D:9      | Found a burning altar of Makhleb.
  8035 | D:9      | Found a sacrificial altar of Ru.
  8037 | D:9      | Found a glowing golden altar of the Shining One.
  8039 | D:9      | Found a sparkling altar of Nemelex Xobeh.
  8040 | D:9      | Found an ornate altar of the Wu Jian Council.
  8198 | D:9      | Reached XP level 11. HP: 82/82 MP: 22/22
  8391 | D:10     | Entered Level 10 of the Dungeon
  8582 | D:10     | Noticed a cyclops
  8587 | D:10     | Killed a cyclops
  8587 | D:10     | Noticed an ogre mage
  9092 | D:10     | Killed an unseen horror
  9092 | D:10     | Reached skill level 5 in Conjurations
  9092 | D:10     | Reached skill level 5 in Hexes
  9092 | D:10     | Reached skill level 5 in Charms
  9092 | D:10     | Reached skill level 5 in Summonings
  9092 | D:10     | Reached skill level 5 in Necromancy
  9092 | D:10     | Reached skill level 5 in Translocations
  9092 | D:10     | Reached skill level 5 in Fire Magic
  9092 | D:10     | Reached skill level 5 in Ice Magic
  9092 | D:10     | Reached skill level 5 in Air Magic
  9092 | D:10     | Reached skill level 5 in Earth Magic
  9092 | D:10     | Reached skill level 5 in Poison Magic
  9173 | D:10     | Killed an ogre mage
  9613 | D:10     | Found a staircase to the Orcish Mines.
  9763 | D:10     | Noticed Nergalle
  9777 | D:10     | Killed Nergalle
 10034 | D:11     | Found a radiant altar of Vehumet.
 10406 | D:11     | Got a crude scimitar
 10407 | D:11     | Identified the +7 scimitar of Zofetoob {antimagic, +Inv MR-
                  | Dex+3} (You found it on level 11 of the Dungeon)
 10581 | D:11     | Found a staircase to the Lair.
 10884 | D:12     | Found a shadowy altar of Dithmenos.
 10898 | D:12     | Noticed Fannar
 10938 | D:12     | Killed Fannar
 11204 | D:12     | Noticed a red ugly thing
 11230 | D:12     | Mangled by a red ugly thing

Skill      XL: |  1  2  3  4  5  6  7  8  9 10 11 |
---------------+----------------------------------+-----
Transmutations | 2 3 4 5 |  5.9
Spellcasting   | 5 6 7 8 |  8.3
Short Blades   | 1 2 3 4 5 6 |  6.5
Long Blades    | 1 2 3 4 5 6 |  6.5
Axes           | 1 2 3 4 5 6 |  6.5
Maces & Flails | 1 2 3 4 5 6 |  6.5
Polearms       | 1 2 3 4 5 6 |  6.5
Staves         | 1 2 3 4 5 6 |  6.5
Slings         | 1 2 3 4 5 6 |  6.5
Bows           | 1 2 3 4 5 6 |  6.5
Throwing       | 1 2 3 4 5 6 |  6.5
Armour         | 1 2 3 4 5 6 |  6.5
Dodging        | 1 2 3 4 5 6 |  6.5
Stealth        | 1 2 3 4 5 6 |  6.5
Unarmed Combat | 1 2 3 4 5 6 |  6.5
Invocations    | 1 2 3 4 5 6 7 |  7.2
Evocations     | 1 2 3 4 5 6 |  6.5
Conjurations   | 1 2 3 4 5 |  5.4
Hexes          | 1 2 3 4 5 |  5.4
Charms         | 1 2 3 4 5 |  5.4
Summonings     | 1 2 3 4 5 |  5.4
Necromancy     | 1 2 3 4 5 |  5.4
Translocations | 1 2 3 4 5 |  5.4
Fire Magic     | 1 2 3 4 5 |  5.4
Ice Magic      | 1 2 3 4 5 |  5.4
Air Magic      | 1 2 3 4 5 |  5.4
Earth Magic    | 1 2 3 4 5 |  5.4
Poison Magic   | 1 2 3 4 5 |  5.4
Fighting       | 3 4 5 6 7 |  7.1
Shields        | 5 6 7 8 |  8.1
Crossbows      | 9 10 | 10.7

Action                   |  1- 3 |  4- 6 |  7- 9 | 10-12 || total
-------------------------+-------+-------+-------+-------++-------
Melee: Flail             |       |    10 |   101 |    63 ||   174
       Bite              |       |     1 |    14 |    34 ||    49
       Scimitar          |       |       |       |   199 ||   199
       Punch             |       |       |       |     5 ||     5
 Fire: Hand crossbow     |    66 |   101 |   276 |    82 ||   525
       Hunting sling     |       |       |     5 |   285 ||   290
Evoke: Wand              |       |       |    10 |     8 ||    18
  Use: Scroll            |       |    12 |     3 |     3 ||    18
       Potion            |       |       |     1 |     5 ||     6
 Stab: Sleeping          |       |       |       |     4 ||     4
  Eat: Chunk             |       |     5 |     7 |       ||    12
       Ration            |       |       |     1 |     7 ||     8
Armor: Ring mail         |     9 |     3 |       |       ||    12
       Scale mail        |       |    13 |   154 |   200 ||   367
Dodge: Dodged            |    11 |    31 |   155 |   380 ||   577
       Rpst.: Scimitar   |       |       |       |    51 ||    51
